 Dungeon Crawl Stone Soup version 0.18-a0-1800-gdc7a371 (webtiles) character file.

5601 Murumi the Schismatic (level 11, 0/81 HPs)
             Began as a Formicid Abyssal Knight on Apr 24, 2016.
             Was an Elder of Lugonu.
             Slain by a small abomination (16 damage)
             ... summoned by Lugonu's corruption
             ... on level 9 of the Dungeon.
             The game lasted 00:57:17 (10574 turns).

Murumi the Schismatic (Formicid Abyssal Knight)    Turns: 10574, Time: 00:57:18

Health: 0/81       AC: 15    Str: 19    XL:     11   Next: 3%
Magic:  13/19      EV:  6    Int: 13    God:    Lugonu [****..]
Gold:   499        SH:  0    Dex: 10    Spells: 0 memorised, 10 levels left

rFire  + . .     SeeInvis +     A - +0 scimitar
rCold  . . .     Gourm    +     y - +0 plate armour
rNeg   + . .     Faith    .     (no shield)
rPois  .         Spirit   .     (helmet unavailable)
rElec  .         Dismiss  .     C - +2 cloak
rCorr  .         Reflect  .     (no gloves)
SustAt .         Harm     .     (no boots)
MR     ++...                    f - amulet of the gourmand
Stlth  ..........               x - ring of protection from magic
                                p - ring of positive energy

@: lethally poisoned (0 -> -1), very resistant to hostile enchantments,
extremely unstealthy
A: permanent stasis, dig shafts and tunnels, four strong arms, antennae 3, fire
resistance 1
a: Dig, Shaft Self, Depart the Abyss, Bend Space, Banish, Corrupt, Renounce
Religion


You were on level 9 of the Dungeon.
You worshipped Lugonu.
Lugonu was greatly pleased with you.
You were very full.

You visited 1 branch of the dungeon, and saw 9 of its levels.
You visited the Abyss 1 time.

You collected 499 gold pieces.

Inventory:

Hand Weapons
 A - a +0 scimitar (weapon)
Missiles
 m - 33 bolts
Armour
 y - a +0 plate armour (worn)
 C - a +2 cloak (worn)
Jewellery
 f - an amulet of the gourmand (around neck)
 p - a ring of positive energy (left hand)
 u - an uncursed ring of flight
 x - a ring of protection from magic (right hand)
Wands
 g - a wand of digging (13/24)
 w - a wand of flame (26/48)
 z - a wand of enslavement (13/24)
Scrolls
 d - 3 scrolls of enchant armour
 e - a scroll of identify
 l - 6 scrolls of remove curse
 n - 3 scrolls of fog
Potions
 b - 4 potions of curing
 i - 2 potions of lignification
 q - 2 potions of agility
 r - a potion of cancellation {unknown}
 s - a potion of cure mutation
 t - a potion of flight
 v - a potion of brilliance {unknown}
Miscellaneous
 o - a crystal ball of energy
Comestibles
 a - 2 meat rations
 c - 6 bread rations
 h - a slice of pizza
 j - a beef jerky
 k - 5 fruits


   Skills:
 - Level 6.0 Fighting
 - Level 9.0 Long Blades
 + Level 5.5 Armour
 - Level 1.0 Dodging
 - Level 11.1 Invocations
 - Level 7.0 Evocations


You had 10 spell levels left.
You didn't know any spells.

Dungeon Overview and Level Annotations

Branches:
Dungeon (9/15)             Temple (0/1) D:7
   Lair: D:8-11         Orc: D:9-12

Altars:
Fedhas
Kikubaaqudgha
Nemelex Xobeh
Vehumet
Xom

Shops:
D:7 :

Annotations:
D:9 corrupted


Innate Abilities, Weirdness & Mutations

You are under a permanent stasis effect.
You can dig through walls and to a lower floor.
Your four strong arms can wield two-handed weapons with a shield.
You have a pair of large antennae on your head (SInv).
Your flesh is heat resistant.


Message History

The killer bee writhes in pain as voices assail its mind.
You closely miss the killer bee.
The killer bee is heavily wounded.
You feel sick. The killer bee barely misses you.
The insubstantial wisp misses the killer bee.
The killer bee closely misses you.
The small abomination hits the killer bee!
The killer bee dies!
The small abomination hits you but does no damage.
There are monsters nearby!
You are too injured to fight recklessly!
The small abomination refuses to make way for you. (Use ctrl+direction to attack.) Unknown command.
There are monsters nearby!
There are monsters nearby!
You feel sick.
The quasit bites you but does no damage.
The quasit claws you but does no damage.
The quasit barely misses you. The small abomination hits you!
You die...

..............(.).......
...............######...
....{..{.....#..........
#...{.{{#3.%).).........
...{.{..x...............
....(.{.3x3.............
..##3..{5hX4x..#......
##35.5##5G3#...#......
...X5Gx@D†Xx...#......
....####uu#W.#.#........
#.... #vxx....# .......
#{.. #...#...######...
#.. #.X.#...........K ##
##...............
.................
#.................
#................<


You could see a neutral bone dragon (wandering), a neutral starcursed mass
(wandering), 2 neutral very ugly things, a neutral great orb of eyes
(wandering), a neutral soul eater (wandering), a neutral orange demon
(wandering), 3 neutral large abominations, a neutral raiju (wandering), a
neutral neqoxec (wandering), 2 neutral ynoxinuls, 2 neutral chaos spawn, a
neutral wraith (wandering), 7 neutral small abominations, a neutral
insubstantial wisp (wandering), 2 neutral iron imps, 2 neutral quasits, a
neutral golden eye and a neutral ufetubus (wandering).

Vanquished Creatures
  Pikel (D:8)
  Grinder (D:3)
  Sigmund (D:3)
  4 yaks (D:9)
  Eustachio (D:5)
  A vampire mosquito (D:9)
  An orc warrior (D:7)
  An ice beast (D:5)
  3 sky beasts
  3 phantoms
  4 ogres
  2 centaurs
  A big kobold (D:9)
  6 giant frogs
  A water moccasin skeleton (D:7)
  8 wights
  A howler monkey (D:8)
  A vampire bat (D:5)
  A giant frog zombie (D:8)
  2 crimson imps
  3 hounds
  4 jellies
  2 centaur skeletons
  4 orc priests
  A giant frog skeleton (D:7)
  Jessica (D:3)
  Terence (D:1)
  7 orc wizards
  7 worker ants
  A hound zombie (D:5)
  3 gnolls (D:4)
  7 adders
  3 shadow imps
  An ooze (D:1)
  2 adder skeletons
  2 worms
  3 dart slugs
  3 fire bats (D:5)
  6 giant geckos
  31 orcs
  2 spectral bats (D:5)
  2 ball pythons
  17 bats
  3 bat skeletons (D:5)
  3 bat zombies
  2 giant cockroaches
  7 goblins
  8 hobgoblins
  21 jackals
  7 quokkas
  A bat simulacrum (D:5)
  A giant gecko skeleton (D:8)
  2 giant gecko zombies (D:5)
  2 giant newts
  A jackal skeleton (D:6)
  9 kobolds
  A quokka skeleton (D:4)
  9 rats
234 creatures vanquished.

Vanquished Creatures (others)
  2 trolls
  2 yaks (D:9)
  An orc warrior (D:9)
  An ice beast (D:7)
  An ogre (D:7)
  6 killer bees (D:9)
13 creatures vanquished.

Grand Total: 247 creatures vanquished

Notes
Turn   | Place    | Note
--------------------------------------------------------------
     0 | Abyss:1  | Murumi the Formicid Abyssal Knight began the quest for the Orb.
     0 | Abyss:1  | Reached XP level 1. HP: 18/18 MP: 2/2
    91 | Abyss:1  | Noticed a thrashing horror
    92 | Abyss:1  | Noticed a small abomination
    92 | D:1      | Escaped the Abyss
   110 | D:1      | Reached skill level 1 in Dodging
   283 | D:1      | Reached skill level 3 in Invocations
   283 | D:1      | Reached XP level 2. HP: 20/24 MP: 2/4
   426 | D:1      | Reached * piety under Lugonu
   616 | D:1      | Reached XP level 3. HP: 29/29 MP: 5/5
   839 | D:1      | Reached skill level 4 in Invocations
   996 | D:2      | Noticed Terence
  1006 | D:1      | Killed Terence
  1006 | D:1      | Reached XP level 4. HP: 25/35 MP: 7/7
  1119 | D:2      | Noticed Jessica
  1650 | D:2      | Reached ** piety under Lugonu
  1759 | D:2      | Found a blossoming altar of Fedhas.
  2046 | D:3      | Killed Jessica
  2046 | D:3      | Reached skill level 5 in Invocations
  2046 | D:3      | Reached XP level 5. HP: 41/41 MP: 8/8
  2122 | D:3      | Noticed Grinder
  2153 | D:3      | Killed Grinder
  2153 | D:3      | Reached skill level 5 in Long Blades
  2153 | D:3      | Reached XP level 6. HP: 21/47 MP: 9/9
  2347 | D:3      | Noticed Sigmund
  2376 | D:3      | Killed Sigmund
  2376 | D:3      | Reached XP level 7. HP: 30/52 MP: 10/10
  3177 | D:4      | Reached skill level 6 in Invocations
  3529 | D:4      | Reached *** piety under Lugonu
  3800 | D:4      | Reached XP level 8. HP: 58/58 MP: 13/13
  3814 | D:4      | Reached skill level 7 in Invocations
  4099 | D:5      | Entered Level 5 of the Dungeon
  4347 | D:5      | Reached skill level 8 in Invocations
  4357 | D:5      | HP: 2/58 [orc/dagger (3)]
  5251 | D:5      | Noticed Eustachio
  5295 | D:5      | Killed Eustachio
  5295 | D:5      | Reached **** piety under Lugonu
  5295 | D:5      | Reached skill level 9 in Invocations
  5582 | D:5      | Reached XP level 9. HP: 65/65 MP: 15/15
  6158 | D:6      | Found a radiant altar of Vehumet.
  6533 | D:6      | Found a sparkling altar of Nemelex Xobeh.
  6533 | D:6      | Found a shimmering altar of Xom.
  6581 | D:6      | Noticed a troll
  6593 | D:6      | Banished a troll
  7036 | D:6      | Reached skill level 10 in Invocations
  7065 | D:6      | Reached ***** piety under Lugonu
  7069 | D:6      | Found an ancient bone altar of Kikubaaqudgha.
  7202 | D:7      | Gained mutation: Your flesh is heat resistant. [potion of beneficial mutation]
  7883 | D:7      | Found a staircase to the Ecumenical Temple.
  7948 | D:7      | Reached XP level 10. HP: 67/73 MP: 17/17
  7994 | D:7      | Reached skill level 5 in Fighting
  8048 | D:7      | Found Keuqunuf's Book Shoppe.
  8262 | D:7      | Reached skill level 5 in Armour
  8696 | D:8      | Noticed Pikel
  8725 | D:8      | Killed Pikel
  9704 | D:9      | HP: 5/111 [yak (4)]
  9705 | D:9      | HP: 1/111 [yak (4)]
  9708 | D:9      | Reached skill level 11 in Invocations
 10396 | D:9      | Reached XP level 11. HP: 16/81 MP: 10/19
 10568 | D:9      | Corrupted D:9
 10568 | D:9      | Noticed a starcursed mass
 10568 | D:9      | Noticed a soul eater
 10568 | D:9      | Noticed a purple very ugly thing
 10568 | D:9      | Noticed a bone dragon
 10568 | D:9      | Noticed a great orb of eyes
 10568 | D:9      | Noticed a white very ugly thing
 10570 | D:9      | Noticed a large abomination
 10572 | D:9      | Noticed a rakshasa
 10574 | D:9      | Slain by a small abomination

Vault maps used:
D:1:      dpeg_arrival_rooms_b, st_stairs_14, hangedman_abyss_or_decor_stabs
D:2:      lemuel_coloured_pillars_altar, uniq_terence, uniq_jessica
D:3:      first_bread, kennysheep_doodads, uniq_grinder, uniq_sigmund
D:5:      corexii_checkpoint_b, goddamned_bats, uniq_eustachio
D:6:      lemuel_zombie_altar_kikubaaqudgha, marbit_many_paths,
          amethyst_overflow_temple_binary
D:7:      minmay_temple_entry_glass, serial_shops, shop
D:8:      uniq_pikel
D:9:      minmay_cut_squares

Skill      XL: |  1  2  3  4  5  6  7  8  9 10 |
---------------+-------------------------------+-----
Dodging        | 1 |  1.0
Invocations    | 3 4 5 6 9 10 11 | 11.1
Long Blades    | 3 5 6 8 9 |  9.0
Evocations     | 3 4 7 |  7.0
Armour         | 3 4 5 |  5.5
Fighting       | 4 6 |  6.0

Action                   |  1- 3 |  4- 6 |  7- 9 | 10-12 || total
-------------------------+-------+-------+-------+-------++-------
Melee: Falchion          |    75 |   126 |   671 |       ||   872
       Long sword        |       |       |   114 |   152 ||   266
       Scimitar          |       |       |       |   220 ||   220
Invok: Depart the Abyss  |     1 |       |       |       ||     1
       Banish            |       |       |     2 |     5 ||     7
       Corrupt           |       |       |       |     1 ||     1
 Abil: Dig               |       |     2 |    13 |     8 ||    23
  Use: Scroll            |     7 |     6 |    14 |       ||    27
       Potion            |       |     2 |     2 |     2 ||     6
 Stab: Distracted        |       |       |     1 |       ||     1
  Eat: Chunk             |     1 |     4 |    35 |     9 ||    49
Armor: Ring mail         |    40 |     7 |       |       ||    47
       Chain mail        |       |    51 |   518 |       ||   569
       Plate armour      |       |       |    13 |   226 ||   239
       Skin              |       |       |       |    15 ||    15
Dodge: Dodged            |    59 |    40 |   295 |    99 ||   493
